 Dungeon Crawl Stone Soup version 0.32-a0-747-gc8563f6773 (webtiles) character file.

Game seed: 6346573162243600422

102 smashvw the Chucker (level 4, -2/38 HPs)
             Began as a Gnoll Wanderer on Mar 17, 2024.
             Slain by a lemure (3 damage)
             ... led by Pikel
             ... on level 3 of the Dungeon.
             The game lasted 00:05:39 (2694 turns).

smashvw the Chucker (Gnoll Wanderer)                Turns: 2694, Time: 00:05:39

Health: -2/38      AC: 11    Str:  7 (10) XL:     4   Next: 77%
Magic:  6/6        EV:  3    Int:  8 (10) God:
Gold:   177        SH:  0    Dex: 15 (16) Spells: 5/5 levels left

rFire   . . .        a - +2 dagger
rCold   . . .        (no shield)
rNeg    . . .        c - +0 chain mail
rPois   .            s - +0 helmet
rElec   .            (no cloak)
rCorr   .            (no gloves)
SInv    .            d - +0 pair of boots
Will    .....        (no amulet) Stlth
                     (no ring)
HPRegen 0.26/turn    (no ring)
MPRegen 0.10/turn

%: no passive effects
@: no status effects
A: fangs 1, strong nose, distributed training
a: no special abilities


You were on level 3 of the Dungeon.
You visited 1 branch of the dungeon, and saw 4 of its levels.

You collected 177 gold pieces.

Inventory:

Hand Weapons
 a - a +2 dagger (weapon)
Missiles
 b - 4 curare-tipped darts (quivered)
 e - 7 poisoned darts
Armour
 c - a +0 chain mail (worn)
 d - a +0 pair of boots (worn)
 s - a +0 helmet (worn)
Jewellery
 t - a ring of resist corrosion
Scrolls
 f - a scroll of poison
 h - a scroll of fear {unknown}
 k - a scroll of teleportation {unknown}
 n - a scroll of enchant weapon {unknown}
 o - a scroll of enchant armour {unknown}
 p - 4 scrolls of identify
 q - a scroll of amnesia {unknown}
 u - a scroll of fog {unknown}
 v - a scroll of immolation {unknown}
Potions
 g - a potion of attraction {unknown}
 i - a potion of haste {unknown}
 l - a potion of degeneration
 m - a potion of enlightenment {unknown}
 r - a potion of curing


   Skills:
 + Level 4.7 Fighting
 + Level 1.3 Short Blades
 + Level 1.3 Long Blades
 + Level 1.3 Axes
 + Level 1.3 Maces & Flails
 + Level 1.3 Polearms
 + Level 4.7 Staves
 + Level 1.3 Ranged Weapons
 + Level 6.6 Throwing
 + Level 2.8 Armour
 + Level 2.8 Dodging
 + Level 1.3 Stealth
 + Level 1.3 Shields
 + Level 1.3 Unarmed Combat
 + Level 1.3 Spellcasting
 + Level 1.0 Conjurations
 + Level 1.0 Hexes
 + Level 1.0 Summonings
 + Level 1.0 Necromancy
 + Level 1.0 Translocations
 + Level 1.0 Fire Magic
 + Level 1.0 Ice Magic
 + Level 1.0 Air Magic
 + Level 1.0 Earth Magic
 + Level 1.0 Alchemy
 + Level 3.0 Invocations
 + Level 1.3 Evocations
 + Level 1.2 Shapeshifting


You had 5 spell levels left.
You didn't know any spells.
Your spell library was empty.

Dungeon Overview and Level Annotations

Branches:
Dungeon (4/15)
 Temple: D:4-7

Altars:
Fedhas
Trog

Shops:
D:3 *

Annotations:
D:4 Pikel


Innate Abilities, Weirdness & Mutations

You have very sharp teeth.
Your uncanny sense of smell can sniff out nearby items.
Your experience applies equally to all skills.


Message History

The lemure hits you!
You hit the lemure. Your bite misses the lemure.
The lemure is severely wounded.
The lemure barely misses you.
You hit the lemure but do no damage.
The lemure is severely wounded.
The lemure hits you but does no damage.
You barely miss the lemure. You bite the lemure, but do no damage.
The lemure is severely wounded.
The lemure hits you but does no damage.
You hit the lemure.
The lemure is severely wounded.
The lemure hits you but does no damage.
You barely miss the lemure.
The lemure is severely wounded.
The lemure hits you.
* * * LOW HITPOINT WARNING * * *
You barely miss the lemure. You bite the lemure, but do no damage.
The lemure is severely wounded.
The lemure hits you.
* * * LOW HITPOINT WARNING * * *
You hit the lemure but do no damage.
The lemure is severely wounded.
The lemure hits you but does no damage.
You completely miss the lemure.
The lemure is severely wounded.
The lemure hits you.
* * * LOW HITPOINT WARNING * * *
You hit the lemure but do no damage.
The lemure is severely wounded.
The lemure hits you but does no damage.
You hit the lemure but do no damage. You bite the lemure, but do no damage.
The lemure is severely wounded.
The lemure hits you.
* * * LOW HITPOINT WARNING * * *
Okay, then.
As you read the scroll labelled HAGIST SESIX, it crumbles to dust.
You hear a loud clanging noise!
It was a scroll of noise.
The lemure hits you.
You die...

##### #...# ###...# #########
########...... #.......#
#............. #### #.......#
#.######...... ...##
#>......###.#...........
###.######..........>#.#####.....
# #....)........@#####.# ##.#...
###.######.....5.#####.####.#....
...### #.................###...
.....# ##....#######.####.#...)
.....# #.##.# #.# ##.#.## .....#
#.##.#######.# ###..# .....#
#............# ##.# .....#
####.######..# ##.# .....# #.#
#..#######...


You could see a lemure.

Vanquished Creatures
  3 adders
  3 ribbon worms (D:2)
  6 orcs (D:3)
  4 endoplasms
  A giant cockroach (D:2)
  16 goblins
  5 hobgoblins
  3 quokkas (D:2)
  3 ball pythons
  4 bats
  2 frilled lizards
  4 kobolds
  7 rats
61 creatures vanquished.

Notes
Turn   | Place    | Note
-------+----------+-------------------------------------------
     0 | D:1      | smashvw the Gnoll Wanderer began the quest for the Orb.
     0 | D:1      | smashvw set off with the following items: a +2 dagger, 4
                  | curare-tipped darts, a +0 quarterstaff, a +0 pair of boots,
                  | a potion of heal wounds, a +0 robe.
     0 | D:1      | Reached XP level 1. HP: 20/20 MP: 2/2
   127 | D:1      | Reached XP level 2. HP: 26/26 MP: 3/3
   772 | D:2      | Reached XP level 3. HP: 28/31 MP: 4/4
  1116 | D:2      | Reached skill level 1 in Short Blades
  1116 | D:2      | Reached skill level 1 in Long Blades
  1116 | D:2      | Reached skill level 1 in Axes
  1116 | D:2      | Reached skill level 1 in Maces & Flails
  1116 | D:2      | Reached skill level 1 in Polearms
  1116 | D:2      | Reached skill level 1 in Ranged Weapons
  1116 | D:2      | Reached skill level 1 in Stealth
  1116 | D:2      | Reached skill level 1 in Shields
  1116 | D:2      | Reached skill level 1 in Unarmed Combat
  1116 | D:2      | Reached skill level 1 in Spellcasting
  1116 | D:2      | Reached skill level 1 in Evocations
  1363 | D:2      | Reached skill level 1 in Shapeshifting
  1363 | D:2      | Reached XP level 4. HP: 15/38 MP: 6/6
  1898 | D:3      | Reached skill level 1 in Conjurations
  1898 | D:3      | Reached skill level 1 in Hexes
  1898 | D:3      | Reached skill level 1 in Summonings
  1898 | D:3      | Reached skill level 1 in Necromancy
  1898 | D:3      | Reached skill level 1 in Translocations
  1898 | D:3      | Reached skill level 1 in Fire Magic
  1898 | D:3      | Reached skill level 1 in Ice Magic
  1898 | D:3      | Reached skill level 1 in Air Magic
  1898 | D:3      | Reached skill level 1 in Earth Magic
  1898 | D:3      | Reached skill level 1 in Alchemy
  2170 | D:3      | Found Maphon's General Store.
  2471 | D:3      | Found a blossoming altar of Fedhas.
  2560 | D:4      | Found a bloodstained altar of Trog.
  2631 | D:4      | Noticed a lemure
  2632 | D:4      | Noticed Pikel
  2632 | D:4      | Noticed a lemure
  2632 | D:4      | Noticed a lemure
  2632 | D:4      | Noticed a lemure
  2693 | D:3      | HP: 1/38 [lemure[Pikel] (5)]
  2694 | D:3      | Slain by a lemure

Illustrated notes

Levels and vault maps discovered:
D:1:      scummos_arrival_hexagon, layout_basic
D:2:      layout_basic, nicolae_elevator_lobby_asterisk
D:3:      kennysheep_the_goblin_king, layout_loops_ring, fedhas_altar_4,
          serial_shops, nicolae_shop_stone
D:4:      layout_basic, amcnicky_altar_gilded, serial_shops,
          nicolae_take_the_stairs, uniq_pikel, uniq_robin, uniq_edmund

Skill      XL: |  1  2  3  4 |
---------------+-------------+-----
Short Blades   | 1 |  1.3
Long Blades    | 1 |  1.3
Axes           | 1 |  1.3
Maces & Flails | 1 |  1.3
Polearms       | 1 |  1.3
Ranged Weapons | 1 |  1.3
Stealth        | 1 |  1.3
Shields        | 1 |  1.3
Unarmed Combat | 1 |  1.3
Spellcasting   | 1 |  1.3
Evocations     | 1 |  1.3
Shapeshifting  | 1 |  1.2
Conjurations   | 1 |  1.0
Hexes          | 1 |  1.0
Summonings     | 1 |  1.0
Necromancy     | 1 |  1.0
Translocations | 1 |  1.0
Fire Magic     | 1 |  1.0
Ice Magic      | 1 |  1.0
Air Magic      | 1 |  1.0
Earth Magic    | 1 |  1.0
Alchemy        | 1 |  1.0
Invocations    | 3 |  3.0
Fighting       | |  4.7
Staves         | |  4.7
Throwing       | |  6.6
Armour         | |  2.8
Dodging        | |  2.8

Action                     |  1- 3 |  4- 6 || total
---------------------------+-------+-------++-------
  Melee: Dagger            |   119 |   115 ||   234
         Bite              |    15 |    12 ||    27
    Use: Potion            |     1 |     2 ||     3
         Scroll            |       |     2 ||     2
 Armour: Chain mail        |   102 |   108 ||   210
  Dodge: Dodged            |    27 |    25 ||    52

Table legend: (Time is in decaauts)
 A = Elapsed time spent in this place.
 B = Non-inter-level travel time spent in this place.
 C = Inter-level travel time spent in this place.
 D = Time resting spent in this place.
 E = Time spent auto-exploring this place.
 F = Levels seen in this place.
 G = Mean time per level.
                   A        B        C        D        E       F      G
               +--------+--------+--------+--------+--------+-----+--------+
         Total |   2683 |   2529 |    154 |      0 |   2070 |   4 |  670.8 |
       Dungeon |   2683 |   2529 |    154 |      0 |   2070 |   4 |  670.8 |
               +--------+--------+--------+--------+--------+-----+--------+

Top non-repeatable levels by time:
     D:2: 1135 daAuts
     D:3: 763 daAuts
     D:1: 674 daAuts
     D:4: 110 daAuts
